 Dungeon Crawl Stone Soup version 0.19.1 (webtiles) character file.

32 CanadianGator the Digger (level 3, 0/20 HPs)
             Began as a Gargoyle Earth Elementalist on Dec 6, 2016.
             Slain by Robin
             ... wielding a +0 dagger
              (2 damage)
             ... on level 2 of the Dungeon.
             The game lasted 00:05:29 (1271 turns).

CanadianGator the Digger (GrEE)                     Turns: 1271, Time: 00:05:30

Health: 0/20       AC:  8    Str: 12    XL:     3   Next: 25%
Magic:  5/6        EV: 10    Int: 15    God:
Gold:   105        SH:  0    Dex: 10    Spells: 2 memorised, 2 levels left

rFire  + . .     SeeInvis .     a - +0 mace
rCold  x . .     Gourm    .     j - +0 ring mail
rNeg   + . .     Faith    .     (no shield)
rPois  ∞         Spirit   .     (no helmet)
rElec  +         Reflect  .     (no cloak)
rCorr  .         Harm     .     (no gloves)
MR     .....                    (no boots)
Stlth  +.........               (no amulet)
                                (no ring)
                                m - ring of fire

@: about to teleport
A: negative energy resistance 1, electricity resistance, unbreathing,
petrification resistance, rot immunity, AC +3
a: no special abilities


You were on level 2 of the Dungeon.
You were near starving.

You visited 1 branch of the dungeon, and saw 2 of its levels.

You collected 105 gold pieces.

Inventory:

Hand Weapons
 a - a +0 mace (weapon)
Missiles
 b - 66 stones (quivered)
Armour
 c - a +0 robe
 j - a +0 ring mail (worn)
Jewellery
 m - a ring of fire (left hand)
Scrolls
 f - 2 scrolls of teleportation
 g - a scroll of enchant armour {unknown}
 i - a scroll of remove curse {unknown}
 k - 3 scrolls of identify {unknown}
 n - a scroll of noise {unknown}
Potions
 h - a potion of ambrosia {unknown}
 l - a potion of lignification {unknown}
Books
 e - a book of Geomancy

   Spells                             Type                      Level
   a - Sandblast                      Earth                        1
   b - Passwall                       Transmutation/Earth          2
   c - Stone Arrow                    Conjuration/Earth            3
   d - Petrify                        Transmutation/Earth          4
   e - Lee's Rapid Deconstruction     Earth                        5
Comestibles
 d - 2 bread rations


   Skills:
 + Level 0.9 Fighting
 + Level 1.0 Maces & Flails
 + Level 0.9 Armour
 + Level 1.8 Dodging
 - Level 2.1 Stealth
 + Level 2.2 Spellcasting
   Level 0.7 Transmutations
 + Level 3.9 Earth Magic


You had 2 spell levels left.
You knew the following spells:

 Your Spells              Type           Power        Failure   Level  Hunger
a - Sandblast             Erth           ##....       12%         1    #......
b - Stone Arrow           Conj/Erth      #.....       69%         3    ###....


Dungeon Overview and Level Annotations

Branches:
Dungeon (2/15)

Altars:

Annotations:
D:2 Ijyb, Robin


Innate Abilities, Weirdness & Mutations

You are resistant to torment.
Your stone body is resilient. (AC +3)
You are immune to poison.
You resist negative energy. (rN+)
You are resistant to electric shocks. (rElec)
You can survive without breathing.
You are immune to petrification.
You are immune to rotting.


Message History

The hobgoblin no longer looks unusually strong.
Ijyb hits you but does no damage.
You hit Robin but do no damage.
The hobgoblin no longer looks unusually strong.
Ijyb misses you. Robin throws Ijyb at you! The hobgoblin hits you with a club.
* * * LOW HITPOINT WARNING * * *
Casting: Sandblast
Confirm with . or Enter, or press ? or * to list all spells.
You don't know that spell.
Casting: Sandblast
Confirm with . or Enter, or press ? or * to list all spells.
Aiming: Sandblast
Press: ? - help, Shift-Dir - straight line, f - Robin, p - Ijyb
Aim: Robin, wielding a dagger, wearing an animal skin and wearing a helmet The blast of sand hits Robin.
The hobgoblin no longer looks unusually strong.
Ijyb hits you.
* * * LOW HITPOINT WARNING * * *
Robin hits you with a dagger.
You die...

######### ###.....g.#
#.....g@#
#.#..##g####... ..
#..#ggg...$..
..#######..#.g###?...
..........#......###
<...................
#........)..!g.###
#..........##g.#
#..............#


You could see Ijyb, Robin and 5 hobgoblins.

Vanquished Creatures
  10 goblins
  8 hobgoblins
  A kobold (D:2)
  5 bats
  5 rats (D:1)
29 creatures vanquished.

Notes
Turn   | Place    | Note
-------+----------+-------------------------------------------
     0 | D:1      | CanadianGator the Gargoyle Earth Elementalist began the quest for the Orb.
     0 | D:1      | Reached XP level 1. HP: 10/10 MP: 3/3
   233 | D:1      | Reached XP level 2. HP: 16/16 MP: 3/5
   879 | D:2      | Noticed Robin
   886 | D:2      | Reached XP level 3. HP: 9/20 MP: 2/6
  1184 | D:2      | Learned a level 3 spell: Stone Arrow
  1254 | D:2      | Noticed Ijyb
  1254 | D:2      | Reached skill level 1 in Maces & Flails
  1271 | D:2      | Slain by Robin

Skill      XL: |  1  2  3 |
---------------+----------+-----
Maces & Flails | 1 |  1.0
Fighting       | |  0.9
Armour         | |  0.9
Dodging        | |  1.8
Stealth        | |  2.1
Spellcasting   | |  2.2
Transmutations | |  0.7
Earth Magic    | |  3.9

Action                   || total
-------------------------++-------
Melee: Mace              ||    86
 Cast: Sandblast         ||    19
  Use: Scroll            ||     2
Armor: Robe              ||     5
       Ring mail         ||    51
Dodge: Dodged            ||    64
